Map: Cerulean Fall LE

Players

Swatopluke - Winner!

  • Race: Protoss Protoss
  • League: Platinum
  • Spawn Location: 7:00

GoaulD

  • Race: Zerg Zerg
  • League: Platinum
  • Spawn Location: 1:00

VOD

Have the link to the VOD?

Description

Time

  • Played on: Nov. 12, 2018, 5:18 p.m.
  • Length: 15:21
Show
View Real Time Build Order
Export as new Build Order

Swatopluke Protoss - Winner!

Build Orders:  

Get SALT Encoding   

  12  0:00  Probe  
  13  0:13  Probe  
  14  0:21  Pylon  
  14  0:25  Probe  
  15  0:38  Probe  
  15  0:39  Gateway  
  16  0:45  Assimilator  
  16  0:46  Probe  
  16  0:55  Probe  
  17  1:02  Gateway  
  18  1:06  Probe  
  19  1:14  Assimilator  
  19  1:23  Pylon  
  20  1:30  Cybernetics Core  
  19  1:33  Probe  
  20  1:45  Probe  
  21  1:57  Probe  
  21  2:00  Adept  
  22  2:01  Adept  
  22  2:05  Warp Gate  
  22  2:06  Twilight Council  
  24  2:09  Probe  
  27  2:20  Pylon  
  27  2:25  Probe  
  28  2:31  Adept  
  30  2:39  Pylon  
  30  2:43  Resonating Glaives  
  30  2:52  Probe  
  31  3:00  Adept  
  31  3:01  Adept  
  31  3:04  Probe  
  36  3:39  Adept x2  
  38  3:44  Nexus  
  38  3:45  Probe  
  39  3:51  Assimilator  
  37  3:58  Probe  
  38  4:05  Gateway  
  38  4:10  Gateway  
  38  4:58  Charge  
  36  5:05  Pylon  
  36  5:07  Pylon  
  36  5:09  Stargate  
  36  5:10  Adept x2  
  36  5:11  Adept x2  
  42  5:40  Zealot x2  
  42  5:41  Zealot x2  
  42  5:42  Probe x2  
  50  5:48  Gateway  
  46  5:51  Gateway  
  46  6:03  Zealot  
  46  6:04  Zealot x3  
  52  6:05  Probe  
  52  6:08  Probe  
  52  6:09  Oracle  
  51  6:26  Robotics Facility  
  51  6:28  Probe  
  51  6:29  Assimilator  
  52  6:35  Adept  
  52  6:39  Stalker  
  56  6:42  Adept  
  56  6:43  Probe  
  56  6:44  Probe  
  56  6:46  Phoenix  
  60  6:57  Probe x2  
  60  7:28  Immortal  
  60  7:29  Zealot x5  
  62  8:01  Zealot x5  
  62  8:02  Zealot  
  74  8:09  Probe  
  75  8:14  Nexus  
  73  8:25  Zealot x2  
  77  8:31  Pylon  
  77  8:32  Probe, Pylon  
  62  9:03  Zealot x5  
  62  9:04  Zealot  
  62  9:05  Immortal  
  62  9:08  Assimilator  
  64  9:34  Immortal  
  60  9:39  Zealot x3  
  60  9:40  Zealot x2  
  60  9:41  Zealot  
  76  9:56  Probe x2  
  76  9:57  Probe  
  79  10:16  Zealot x6  
  79  10:20  Immortal  
  95  10:32  Probe x2  
  95  10:34  Probe  
  98  10:44  Probe  
  98  10:45  Phoenix  
  99  10:55  Stalker, Zealot x2  
  99  10:56  Stalker  
  109  11:06  Pylon  
  109  11:07  Pylon  
  109  11:09  Pylon  
  109  11:20  Stargate  
  109  11:24  Probe x3  
  112  11:34  Stalker x6  
  112  11:36  Probe x2  
  126  11:43  Probe  
  127  11:48  Probe x2  
  127  11:52  Phoenix  
  131  11:57  Probe  
  131  11:59  Gateway  
  131  12:00  Probe  
  131  12:08  Phoenix  
  131  12:12  Pylon  
  133  12:30  Phoenix, Immortal  
  139  12:37  Stalker, Templar Archives  
  141  12:46  Pylon  
  141  12:48  Pylon  
  141  12:52  Nexus  
  141  13:04  Probe x3, Phoenix x2  
  137  13:16  Probe  
  110  13:27  Psionic Storm  
  110  13:29  Phoenix x2, Immortal  
  110  13:32  High Templar x6  
  110  13:33  High Templar  
  126  14:04  Phoenix x2  
  126  14:08  High Templar x4  
  126  14:09  Zealot x3  
  142  14:13  Archon x2  
  142  14:14  Archon  
  142  14:29  Phoenix x2  
  146  14:43  Zealot x7  
  164  14:54  Phoenix x2  
Show
View Real Time Build Order
Export as new Build Order

GoaulD Zerg 

Build Orders: Hatch First 

Get SALT Encoding   

  12  0:02  Drone  
  13  0:10  Drone  
  14  0:18  Overlord  
  14  0:46  Hatchery, Drone  
  14  0:50  Drone  
  14  0:55  Drone  
  16  1:10  Spawning Pool  
  15  1:15  Drone  
  15  1:17  Drone  
  17  1:21  Drone  
  18  1:35  Extractor  
  17  1:45  Hatchery  
  16  1:52  Drone x2  
  18  1:54  Drone  
  19  2:07  Overlord  
  19  2:14  Drone x2  
  21  2:20  Queen  
  23  2:26  Extractor, Drone  
  23  2:30  Drone  
  23  2:32  Drone  
  23  2:34  Drone  
  26  2:38  Drone  
  26  2:42  Drone  
  28  2:46  Metabolic Boost  
  28  2:50  Zergling x2  
  29  2:58  Queen  
  29  3:00  Drone  
  32  3:06  Drone x2  
  32  3:08  Drone  
  32  3:12  Zergling x4  
  37  3:15  Drone  
  36  3:28  Drone  
  36  3:29  Roach Warren  
  30  3:47  Drone x5  
  30  3:48  Drone x2  
  36  3:49  Drone  
  37  4:04  Spine Crawler  
  37  4:08  Spine Crawler  
  37  4:09  Drone x5  
  40  4:11  Drone  
  41  4:17  Extractor  
  41  4:19  Roach  
  41  4:22  Overlord  
  42  4:25  Overlord  
  42  4:30  Overlord  
  35  4:48  Drone x2  
  35  4:49  Roach x2, Drone x3  
  35  4:50  Roach x3  
  43  5:00  Drone  
  44  5:08  Spine Crawler  
  43  5:15  Drone x2  
  43  5:16  Drone x4  
  43  5:17  Drone  
  43  5:19  Drone x2  
  46  5:40  Roach x2, Drone x3  
  46  5:41  Roach x2  
  54  5:51  Drone  
  54  5:52  Drone x6  
  54  6:11  Drone x3  
  54  6:12  Drone x2  
  58  6:20  Drone x2  
  58  6:21  Drone, Spine Crawler  
  60  6:30  Drone x3  
  63  6:39  Extractor  
  62  6:40  Extractor  
  62  6:42  Spine Crawler  
  62  6:45  Spore Crawler  
  59  6:48  Spine Crawler  
  59  6:50  Spore Crawler  
  59  6:51  Drone x2  
  59  6:54  Lair  
  59  6:58  Drone x2  
  62  7:01  Drone x4  
  59  7:21  Roach x2  
  59  7:22  Roach x4  
  66  7:32  Overlord  
  66  7:33  Overlord x2  
  56  7:51  Drone x2  
  56  7:52  Roach  
  56  7:53  Roach x6  
  56  7:54  Queen  
  70  8:06  Spore Crawler  
  70  8:08  Spore Crawler  
  68  8:24  Drone x3  
  68  8:27  Drone x3  
  74  8:34  Drone  
  75  8:35  Drone  
  75  8:38  Zergling x6  
  75  8:39  Spire  
  53  9:15  Zergling x10  
  53  9:16  Zergling x8  
  56  9:24  Queen  
  56  9:28  Zergling x2  
  53  9:43  Roach x2  
  54  9:49  Hatchery  
  54  9:52  Mutalisk x2  
  57  10:00  Spine Crawler  
  57  10:06  Zergling x10  
  57  10:07  Zergling x4  
  63  10:12  Hydralisk Den  
  63  10:13  Corruptor x2  
  66  10:32  Mutalisk x5  
  76  11:01  Drone  
  76  11:02  Queen  
  79  11:05  Hydralisk  
  79  11:08  Overlord x2  
  81  11:12  Overlord  
  81  11:13  Overlord  
  81  11:27  Drone x2  
  81  11:33  Spine Crawler  
  81  11:35  Drone  
  81  11:38  Hydralisk x4  
  81  11:39  Hydralisk  
  89  11:42  Evolution Chamber  
  89  11:46  Hydralisk  
  88  11:55  Hydralisk  
  88  11:56  Hydralisk x4  
  98  12:12  Drone x3  
  101  12:17  Spine Crawler  
  101  12:18  Spore Crawler  
  99  12:25  Spine Crawler  
  99  12:28  Spore Crawler  
  97  12:30  Spore Crawler  
  97  12:32  Spine Crawler  
  93  12:37  Hydralisk x3  
  93  12:39  Zergling x4  
  101  12:52  Drone x5  
  66  13:31  Hydralisk x6  
  66  13:32  Hydralisk  
  62  13:51  Zergling x8  
  62  13:52  Zergling x4  
  64  14:05  Zergling x2  
  64  14:06  Zergling x2  
  66  14:10  Hatchery  
  60  14:21  Mutalisk x3, Hydralisk  
  60  14:22  Mutalisk  
  70  14:39  Hydralisk x2  
  74  14:50  Hydralisk  
  74  15:01  Zergling x2  
  74  15:02  Zergling x14  
  74  15:03  Zergling x2  
Tags
 
Add a new tag
Caveats
  • Supply blocks, unpowered buildings, or Contaminate may cause inaccurate times.
  • Supply counts are checked every 10 seconds.